 Dungeon Crawl Stone Soup version 0.28-a0-628-g3c9886e45e (webtiles) character file.

Game seed: 17207483182785963085

49 mordus the Poker (level 3, -8/31 HPs)
             Began as a Hill Orc Monk on Oct 8, 2021.
             Mangled by Sigmund (10 damage)
             ... on level 2 of the Dungeon.
             The game lasted 00:01:19 (1455 turns).

mordus the Poker (Hill Orc Monk)                    Turns: 1455, Time: 00:01:20

Health: -8/31      AC:  2    Str: 14    XL:     3   Next: 75%
Magic:  3/3        EV: 12    Int: 10    God:
Gold:   74         SH:  0    Dex: 13    Spells: 2/2 levels left

rFire   . . .      SeeInvis .   a - +0 spear
rCold   . . .      Faith    .   (no shield)
rNeg    + . .      Spirit   .   b - +0 robe
rPois   .          Reflect  .   (no helmet)
rElec   .          Harm     .   (no cloak)
rCorr   .          Rampage  .   (no gloves)
Will    .....                   (no boots)
Stlth   ++........              (no amulet)
HPRegen 0.10/turn               d - ring of positive energy
MPRegen 0.08/turn               (no ring)

@: no status effects
A: no striking features
a: no special abilities


You were on level 2 of the Dungeon.
You visited 1 branch of the dungeon, and saw 2 of its levels.

You collected 74 gold pieces.

Inventory:

Hand Weapons
 a - a +0 spear (weapon)
Armour
 b - a +0 robe (worn)
Jewellery
 d - a ring of positive energy (left hand)
Scrolls
 h - a scroll of teleportation {unknown}
 i - a scroll of fog {unknown}
 j - a scroll of torment {unknown}
Potions
 c - a potion of degeneration {unknown}
 e - a potion of might {unknown}
 f - a potion of heal wounds {unknown}
 g - 3 potions of curing {unknown}


   Skills:
 - Level 3.6 Fighting
 * Level 4.5 Polearms
 + Level 1.8 Armour
 - Level 2.4 Dodging
 - Level 1.5 Stealth


You had 2 spell levels left.
You didn't know any spells.
Your spell library contained the following spells:

 Spells                   Type           Power      Damage    Failure   Level
 Ignite Poison            Fire/Tmut/Pois 0%         N/A       75%         3
 Mephitic Cloud           Conj/Pois/Air  0%         N/A       75%         3
 Fireball                 Conj/Fire      0%         3d3       100%        5
 Freezing Cloud           Conj/Ice/Air   0%         6-21      100%        5
 Starburst                Conj/Fire      0%         6d3       100%        6
 Monstrous Menagerie      Summ           0%         N/A       100%        7


Dungeon Overview and Level Annotations

Branches:
Dungeon (2/15)

Altars:
Makhleb

Annotations:
D:2 Sigmund


Message History

You reach to attack!
You hit the bat.
You kill the bat!
j - a scroll labelled WEKOUBL OTWE No target in view!
You see here a bat corpse.
You now have 74 gold pieces (gained 7).
Found a burning altar of Makhleb.
Sigmund the Dreaded comes into view.
He is wielding a +0 scythe.
Found a stone staircase leading down.
Sigmund is nearby!
Sigmund is nearby!
Sigmund is nearby!
Sigmund is nearby!
Sigmund shouts!
Sigmund hits you from afar with a +0 scythe.
You hit Sigmund.
Sigmund is lightly wounded.
Sigmund casts a spell at you. You resist with significant effort.
You barely miss Sigmund.
Sigmund is lightly wounded.
Sigmund casts a spell at you.
You are confused.
You hit Sigmund.
Sigmund is lightly wounded.
Sigmund gestures at you while chanting. You resist with significant effort.
Sigmund hits you from afar with a +0 scythe!
Sigmund casts a spell.
Sigmund flickers and vanishes!
Deactivating autopickup; reactivate with Ctrl-A.
There is a burning altar of Makhleb here.
You hear some strange, mumbled words.
A puff of flame appears from out of thin air!
The puff of flame hits you! Something hits you!
* * * LOW HITPOINT WARNING * * *
You feel less confused. Something hits you!
You die...

#.......######+##.......#
##########.......##............#
......# #...#.#.##............#
......#####..#.................#
.............#............######
.###.........#..._........# .#
#......<..##...........# ##
#.......####.............
#............@.#..........
#.).....######.#.....>....
#.......# ....####.....
#.......# .##### .# ######### #.
#


There were no monsters in sight!

Vanquished Creatures
  An adder (D:2)
  A gnoll (D:1)
  A dart slug (D:1)
  5 bats
  4 endoplasms
  3 giant cockroaches (D:1)
  A goblin (D:1)
  4 ball pythons (D:2)
  2 frilled lizards (D:1)
  A kobold (D:2)
  4 rats
27 creatures vanquished.

Notes
Turn   | Place    | Note
-------+----------+-------------------------------------------
     0 | D:1      | mordus the Hill Orc Monk began the quest for the Orb.
     0 | D:1      | Reached XP level 1. HP: 19/19 MP: 1/1
   116 | D:1      | Reached XP level 2. HP: 24/26 MP: 2/2
   198 | D:1      | Reached skill level 1 in Armour
   424 | D:1      | Found a faded altar of an unknown god.
   470 | D:1      | Reached skill level 4 in Polearms
   629 | D:1      | Reached XP level 3. HP: 19/31 MP: 3/3
  1072 | D:2      | Got the Papyrus of Companions and Confrontation
  1436 | D:2      | Found a burning altar of Makhleb.
  1438 | D:2      | Noticed Sigmund
  1455 | D:2      | Mangled by Sigmund

Illustrated notes

Levels and vault maps discovered:
D:1:      wheals_arrival_linesprint, layout_loops_ring, basic_ecumenical_altar,
          kennysheep_another_room, grunt_decor_one_mirror, minmay_heptomino_o4
D:2:      layout_basic, basic_altar, uniq_sigmund

Skill      XL: |  1  2 |
---------------+-------+-----
Armour         | 1 |  1.8
Polearms       | 4 |  4.5
Fighting       | |  3.6
Dodging        | |  2.4
Stealth        | |  1.5

Action                   || total
-------------------------++-------
Melee: Spear             ||    91
 Stab: Sleeping          ||     5
Armor: Robe              ||     6
Dodge: Dodged            ||    39

Table legend: (Time is in decaauts)
 A = Elapsed time spent in this place.
 B = Non-inter-level travel time spent in this place.
 C = Inter-level travel time spent in this place.
 D = Time resting spent in this place.
 E = Time spent auto-exploring this place.
 F = Levels seen in this place.
 G = Mean time per level.
                   A        B        C        D        E       F      G
               +--------+--------+--------+--------+--------+-----+--------+
         Total |   1445 |   1378 |     67 |    146 |   1022 |   2 |  722.5 |
       Dungeon |   1445 |   1378 |     67 |    146 |   1022 |   2 |  722.5 |
               +--------+--------+--------+--------+--------+-----+--------+

Top non-repeatable levels by time:
     D:1: 1057 daAuts
     D:2: 388 daAuts
